Map: Arctic Flowers LE

Players

joshv

  • Race: Terran Terran
  • League: Silver
  • Spawn Location: 7:00

Computer

  • Race: Terran Terran
  • Spawn Location: 7:00

AquilesVoy - Winner!

  • Race: Protoss Protoss
  • Spawn Location: 1:00

iPlayDefense - Winner!

  • Race: Terran Terran
  • Spawn Location: 1:00

VOD

Have the link to the VOD?

Description

Time

  • Played on: April 12, 2025, 12:59 a.m.
  • Length: 1:10
Show
View Real Time Build Order
Export as new Build Order

joshv Terran 

Build Orders:  

Get SALT Encoding   

  12  0:00  SCV  
Show
View Real Time Build Order
Export as new Build Order

Computer Terran 

Build Orders:  

Get SALT Encoding   

Show
View Real Time Build Order
Export as new Build Order

AquilesVoy Protoss - Winner!

Build Orders:  

Get SALT Encoding   

  12  0:01  Probe  
  13  0:13  Probe  
  14  0:20  Pylon  
  14  0:25  Probe  
  15  0:38  Probe  
  16  0:42  Gateway  
  16  0:50  Probe  
  16  0:52  Pylon  
  18  1:04  Assimilator  
Show
View Real Time Build Order
Export as new Build Order

iPlayDefense Terran - Winner!

Build Orders:  

Get SALT Encoding   

  12  0:01  SCV  
  13  0:13  SCV  
  14  0:22  Supply Depot  
  14  0:36  Refinery  
  14  0:37  SCV  
  15  0:49  SCV  
Tags
 
Add a new tag
Caveats
  • Supply blocks, unpowered buildings, or Contaminate may cause inaccurate times.
  • Supply counts are checked every 10 seconds.